 Dungeon Crawl Stone Soup version 0.30-a0-364-gf6b3ef1049 (webtiles) character file.

Game seed: 18360249117215695899

42668 Essalna the Transmogrifier (level 13, -2/142 HPs)
             Began as a Pale Draconian Transmuter on Nov 14, 2022.
             Was a High Priest of the Shining One.
             Slain by a polar bear (3 damage)
             ... on level 5 of the Lair of Beasts.
             The game lasted 00:35:24 (19903 turns).

Essalna the Transmogrifier (DrTm)                  Turns: 19903, Time: 00:35:24

Health: -2/142     AC: 10    Str: 22    XL:     13   Next: 86%
Magic:  14/16      EV: 14    Int: 14    God:    the Shining One [*****.]
Gold:   1468       SH:  5    Dex: 13    Spells: 11/16 levels left

rFire   x x .      SeeInvis .      - Unarmed
rCold   + + +      Faith    .    (shield currently unavailable)
rNeg    + + .      Spirit   .    (body armour unavailable)
rPois   +          Reflect  +    (helmet currently unavailable)
rElec   .          Harm     .    (cloak currently unavailable)
rCorr   .          Rampage  .    (gloves currently unavailable)
Will    .....                    (boots currently unavailable)
Stlth   +.........               u - amulet of reflection
HPRegen 0.43/turn                c - +6 ring of strength
MPRegen 0.15/turn                i - ring of ice

@: ice-form, glowing
A: freezing attack, amphibious, boosted hp, (breathe steam), AC +8, large,
unfitting armour, (cold-blooded), (steam resistance)
a: End Transformation, Renounce Religion, Divine Shield, Cleansing Flame, Summon
Divine Warrior


You were on level 5 of the Lair of Beasts.
You worshipped the Shining One.
The Shining One was extremely pleased with you.
You were a creature of crystalline ice.
You visited 3 branches of the dungeon, and saw 17 of its levels.
You also visited: Ice Cave.

You collected 1468 gold pieces.

Inventory:

Missiles
 o - 2 throwing nets
Jewellery
 c - a +6 ring of strength (left front paw)
 e - a ring of flight
 h - a ring of positive energy
 i - a ring of ice (right front paw)
 j - a ring of poison resistance
 u - an amulet of reflection (around neck)
 z - a ring of willpower
 F - a ring of ice
 G - a +6 ring of intelligence
 I - a ring of resist corrosion
 L - an amulet of guardian spirit
 P - a ring of ice
Wands
 l - a wand of flame (22)
 y - a wand of charming (6)
 A - a wand of acid (5)
 D - a wand of polymorph (2)
Scrolls
 g - 2 scrolls of fear {unknown}
 m - 2 scrolls of summoning
 n - a scroll of immolation {unknown}
 p - 10 scrolls of identify
 r - 4 scrolls of vulnerability
 s - 4 scrolls of torment {unknown}
 t - a scroll of fog {unknown}
 v - 2 scrolls of magic mapping
 B - a scroll of teleportation
 C - 3 scrolls of poison {unknown}
 H - a scroll of enchant armour
 J - a scroll of enchant weapon
 K - a scroll of blinking
 M - a scroll of acquirement {unknown}
 Q - 3 scrolls of silence {unknown}
Potions
 a - 3 potions of lignification
 b - 6 potions of might
 d - 9 potions of curing
 f - 6 potions of heal wounds
 k - 4 potions of flight
 q - 4 potions of brilliance {unknown}
 w - a potion of cancellation
 x - a potion of haste
 E - a potion of invisibility {unknown}
 N - a potion of degeneration {unknown}
 O - a potion of experience {unknown}


   Skills:
 + Level 12.6 Fighting
 + Level 10.4 Dodging
 + Level 11.9 Unarmed Combat
 - Level 2.0 Spellcasting
 + Level 13.2 Transmutations
 - Level 6.2 Ice Magic
 + Level 2.5 Invocations


You had 11 spell levels left.
You knew the following spells:

 Your Spells              Type           Power      Damage    Failure   Level
a - Beastly Appendage     Tmut           76%        N/A       1%          1
b - Ice Form              Ice/Tmut       43%        N/A       4%          4

Your spell library contained the following spells:

 Spells                   Type           Power      Damage    Failure   Level
 Freeze                   Ice            100%       1d10      1%          1
 Wereblood                Tmut           38%        N/A       1%          2
 Passwall                 Tmut/Erth      15%        N/A       2%          2
 Spider Form              Tmut/Pois      19%        N/A       4%          3
 Frozen Ramparts          Ice            56%        1d9       5%          3
 Hailstorm                Conj/Ice       15%        3d5       21%         3
 Foxfire                  Conj/Fire      4%         2x1d4     24%         1
 Sandblast                Erth           2%         2d4       24%         1
 Slow                     Hex            4%         N/A       24%         1
 Call Canine Familiar     Summ           1%         N/A       56%         3
 Confusing Touch          Hex            1%         N/A       56%         3
 Dazzling Flash           Conj/Hex       2%         N/A       56%         3
 Portal Projectile        Hex/Tloc       2%         N/A       56%         3
 Stone Arrow              Conj/Erth      2%         3d7       56%         3
 Vampiric Draining        Necr           1%         2d6       56%         3
 Anguish                  Hex/Necr       0%         N/A       93%         4
 Leda's Liquefaction      Hex/Erth       0%         N/A       93%         4
 Agony                    Necr           1%         N/A       100%        5
 Silence                  Hex/Air        0%         N/A       100%        5
 Lehudib's Crystal Spear  Conj/Erth      0%         10d2      100%        8
 Chain Lightning          Conj/Air       0%         2d1       100%        9
 Fire Storm               Conj/Fire      0%         6d1       100%        9
 Shatter                  Erth           0%         3d5*      100%        9
 Animate Armour           Summ/Erth      Unusable   N/A       N/A         4

Dungeon Overview and Level Annotations

Branches:
Dungeon (11/15)            Temple (1/1) D:7            Lair (5/5) D:11
 Shoals (0/4) Lair:2        Snake (0/4) Lair:3        Slime (0/5) Lair:5
    Orc (0/2) D:10          IceCv (visited)

Altars:
Ashenzari
Cheibriados
Dithmenos
Elyvilon
Fedhas
Gozag
Hepliaklqana
Kikubaaqudgha
Makhleb
Nemelex Xobeh
Okawaru
Qazlal
Ru
Sif Muna
Trog
Uskayaw
Vehumet
Wu Jian
Xom
Yredelemnul
Zin
The Shining One
Jiyva

Shops:
D:2 :   D:3 (

Portals:
Trove: D:10 (give +5 demon blade)


Innate Abilities, Weirdness & Mutations

You are a creature of crystalline ice.
You have a powerful freezing melee attack.
You are amphibious.
Your maximum health is increased.
Your armour is entirely melded.
You are incapable of wielding weapons or throwing items.
((You can breathe blasts of scalding, opaque steam.))
((Your pale cyan-grey scales are hard. (AC +8)))
You cannot fit into any form of body armour.
((You are cold-blooded and may be slowed by cold attacks.))
((You are immune to the effects of steam.))


Message History

The hornet is severely wounded.
The spriggan rider hits you with a +0 spear!
The hornet stings you but does no damage.
The spriggan hits you with a +0 dagger.
You punch the hornet! You freeze the hornet.
You kill the hornet!
The spriggan barely misses you.
The spriggan rider hits you with a +0 spear!
The spriggan hits you with a +0 dagger!
The spriggan rider hits you with a +0 spear!!
The spriggan hits you with a +0 dagger. The spriggan closely misses you.
Items here: ) [[ †.
You punch the spriggan rider! You freeze the spriggan rider.
The spriggan rider is moderately wounded.
The spriggan rider hits you but does no damage.
The spriggan hits you with a +0 dagger.
* * * LOW HITPOINT WARNING * * *
You barely miss the spriggan rider.
The spriggan rider is moderately wounded.
The spriggan hits you with a +1 dagger of freezing!
* * * LOW HITPOINT WARNING * * *
The spriggan rider closely misses you.
You punch the spriggan rider! You freeze the spriggan rider.
The spriggan rider is heavily wounded.
The spriggan hits you but does no damage.
You block the spriggan's attack.
You pummel the spriggan rider!! You freeze the spriggan rider!
You kill the spriggan rider!
You kill the hornet!
The spriggan barely misses you. You block the spriggan's attack.
You hit the polar bear but do no damage.
The spriggan hits you with a +0 dagger!
* * * LOW HITPOINT WARNING * * *
The spriggan hits you with a +1 dagger of freezing!
* * * LOW HITPOINT WARNING * * *
You punch the polar bear! You freeze the polar bear.
The polar bear is moderately wounded.
The polar bear bites you!
* * * LOW HITPOINT WARNING * * *
The polar bear claws you.
You die...

...#.#P#.#.(............,,*
.....................♣♣♣,,***
.................♣♣♣♣♣ **,,,*
**,,......[....♣♣♣ *,,,*
**,..........♣♣ *,,,**
****♣.......♣♣♣ ***,,,** ,*
♣♣♣♣.....♣♣ ****,,,,,,* ,***
♣♣♣....♣♣♣♣♣♣*,,.,,**,,**
,,,** ♣♣♣♣...Yh.♣....,****,,*
**,,*** ♣♣♣♣ii......** *,,*
***,,,** ♣).♣.♣..♣* **,*
**,,,*** **♣..♣*♣*,.** **,*
***,,,*****,..♣♣ *,,,,** *,,*
* ***,,,**,,.♣♣ *,,,,,***,,*
** *,**,,,,,♣♣* *,,,,***,,,*
,*****,,,,,**** ****** *,,**
*,,**,,,,,,* ****** ***,**


You could see a polar bear and 2 spriggans.

Vanquished Creatures
  2 hydras
  A boulder beetle (Lair:3)
  3 death yaks (Lair:4)
  3 two-headed ogres (D:9)
  Amaemon (D:8)
  A bog body (IceCv)
  A necromancer (IceCv)
  Pikel (D:5)
  A cyclops (D:9)
  2 merfolk sirens (Lair:2)
  16 elephants
  2 ice statues (IceCv)
  5 black mambas
  An orange demon (D:8)
  11 cane toads
  A freezing wraith (IceCv)
  An unseen horror (D:8)
  3 anaconda simulacra (IceCv)
  7 ice devils (IceCv)
  6 komodo dragons
  3 rime drakes
  2 trolls (D:11)
  2 merfolk (Lair:2)
  Grinder (D:5)
  2 hornets (Lair:5)
  3 slime creatures (Lair:5)
  4 blink frogs (Lair:3)
  7 wyverns
  2 dire elephant simulacra (IceCv)
  3 spriggans (Lair:5)
  A wraith (D:10)
  25 yaks
  A steam dragon (D:8)
  Menkaure (D:5)
  3 basilisks
  3 vampire mosquitoes (D:8)
  A naga (Lair:3)
  An acid dragon (D:9)
  2 harpy simulacra (IceCv)
  11 water moccasins
  3 hydra simulacra (IceCv)
  Pargi (D:3)
  Duvessa (D:5)
  4 orc warriors
  9 black bears
  3 ogres
  12 wolves
  2 lemures (D:5)
  6 centaurs
  5 kobold brigands
  11 bullfrogs
  A gnoll sergeant (D:11)
  A cane toad simulacrum (IceCv)
  4 scorpions
  5 necrophages
  A water moccasin zombie (D:7)
  9 wights (D:7)
  Dowan (D:5)
  10 killer bees
  An electric eel (D:7)
  A bullfrog zombie (D:7)
  A centaur zombie (D:7)
  3 hounds
  3 jellies
  A gnoll bouda (D:10)
  3 orc priests
  An iguana (D:5)
  12 orc wizards
  A spriggan simulacrum (IceCv)
  A troll simulacrum (IceCv)
  A polar bear simulacrum (IceCv)
  A killer bee zombie (D:7)
  3 howler monkey zombies (D:7)
  6 adders
  9 gnolls
  A shadow imp (D:5)
  A white imp (D:6)
  An ufetubus (D:5)
  A worm (D:4)
  2 dart slugs
  32 orcs
  7 endoplasms
  2 giant cockroaches (D:1)
  6 goblins
  7 hobgoblins
  9 jackals
  3 quokkas
  6 ball pythons
  4 bats
  5 frilled lizards
  30 kobolds
  5 rats
406 creatures vanquished.

Vanquished Creatures (collateral kills)
  A bullfrog (D:8)
1 creature vanquished.

Vanquished Creatures (others)
  An orc (D:7)
  A goblin (D:2)
  A ball python (D:2)
  8 fungi
  12 plants
23 creatures vanquished.

Grand Total: 430 creatures vanquished

Notes
Turn   | Place    | Note
-------+----------+-------------------------------------------
     0 | D:1      | Essalna the Draconian Transmuter began the quest for the
                  | Orb.
     0 | D:1      | Reached XP level 1. HP: 16/16 MP: 3/3
    54 | D:1      | Reached XP level 2. HP: 15/23 MP: 3/5
   620 | D:2      | Found Nuch's Book Shop.
   755 | D:2      | Reached XP level 3. HP: 29/29 MP: 6/6
   810 | D:2      | Got the Codex of Hexes and Geology
  1547 | D:3      | Found Daorost's Weapon Shop.
  1745 | D:3      | Noticed Pargi
  1761 | D:3      | Killed Pargi
  1762 | D:3      | Reached skill level 3 in Transmutations
  1762 | D:3      | Reached XP level 4. HP: 31/38 MP: 5/7
  1762 | D:3      | Reached XP level 5. HP: 36/45 MP: 5/8
  1767 | D:3      | Learned a level 4 spell: Ice Form
  1897 | D:3      | Found a faded altar of an unknown god.
  1926 | D:3      | Got Plato's Collected Works on Heat
  2230 | D:3      | Reached skill level 1 in Ice Magic
  2415 | D:4      | Reached skill level 4 in Transmutations
  2591 | D:4      | Reached XP level 6. HP: 49/51 MP: 6/9
  3060 | D:4      | Reached skill level 5 in Transmutations
  3082 | D:5      | Entered Level 5 of the Dungeon
  3150 | D:4      | Your scales start taking on a pale cyan-grey colour.
  3150 | D:4      | Reached XP level 7. HP: 35/57 MP: 10/10
  3150 | D:4      | Gained mutation: You are immune to the effects of steam.
                  | [Pale Draconian growth]
  3356 | D:4      | Found an ancient bone altar of Kikubaaqudgha.
  4110 | D:5      | Reached skill level 6 in Transmutations
  4181 | D:5      | Noticed Pikel
  4206 | D:5      | Killed Pikel
  4207 | D:5      | Reached skill level 7 in Transmutations
  4207 | D:5      | Reached skill level 5 in Ice Magic
  4207 | D:5      | Reached XP level 8. HP: 52/63 MP: 11/11
  4397 | D:5      | Noticed Menkaure
  4406 | D:5      | Killed Menkaure
  4659 | D:5      | Noticed Duvessa
  4659 | D:5      | Noticed Dowan
  4667 | D:5      | Killed Duvessa
  4671 | D:5      | Killed Dowan
  4808 | D:5      | Found a broken altar of Ashenzari.
  4911 | D:5      | Noticed Grinder
  4917 | D:5      | Paralysed by Grinder for 5 turns
  4923 | D:5      | Killed Grinder
  5151 | D:5      | Reached XP level 9. HP: 72/72 MP: 4/12
  5246 | D:5      | Reached skill level 5 in Unarmed Combat
  5688 | D:6      | Reached skill level 8 in Transmutations
  6051 | D:6      | Reached skill level 5 in Fighting
  6272 | D:6      | Found a glowing silver altar of Zin.
  6439 | D:7      | Found a staircase to the Ecumenical Temple.
  6476 | Temple   | Entered the Ecumenical Temple
  6628 | Temple   | Became a worshipper of the Shining One
  7322 | D:7      | Reached * piety under the Shining One
  7438 | D:7      | Found a basalt altar of Yredelemnul.
  7965 | D:8      | Reached XP level 10. HP: 84/84 MP: 4/13
  8173 | D:8      | Reached skill level 9 in Transmutations
  8303 | D:8      | Reached skill level 5 in Dodging
  8451 | D:8      | Reached ** piety under the Shining One
  8467 | D:8      | Noticed Amaemon
  8467 | D:8      | Noticed an orange demon
  9044 | D:8      | Killed an orange demon
  9051 | D:8      | Killed Amaemon
  9692 | D:9      | Found a hazy altar of Hepliaklqana.
  9692 | D:9      | Found a shimmering blue altar of Sif Muna.
  9903 | D:9      | Noticed a cyclops
  9915 | D:9      | Noticed a two-headed ogre
  9921 | D:9      | Found a shadowy altar of Dithmenos.
 10146 | D:9      | Killed a cyclops
 10354 | D:9      | Noticed a two-headed ogre
 10412 | D:9      | Killed a two-headed ogre
 10413 | D:9      | Reached skill level 10 in Transmutations
 10413 | D:9      | Reached XP level 11. HP: 66/94 MP: 10/14
 10780 | D:9      | Noticed a two-headed ogre
 10794 | D:9      | Killed a two-headed ogre
 10964 | D:9      | Killed a two-headed ogre
 11119 | D:9      | Found the +2 ratskin cloak {*Rats rPois rN+ Str-1 Int-1
                  | Dex+1}
 11157 | D:10     | Entered Level 10 of the Dungeon
 11417 | D:10     | Found a radiant altar of Vehumet.
 11423 | D:10     | Found an opulent altar of Gozag.
 11428 | D:10     | Found a white marble altar of Elyvilon.
 11614 | D:10     | Found a staircase to the Orcish Mines.
 11797 | D:10     | Found a portal to a secret trove of treasure.
 12356 | D:11     | Found a staircase to the Lair.
 12373 | Lair:1   | Entered Level 1 of the Lair of Beasts
 12765 | Lair:1   | Reached *** piety under the Shining One
 12795 | Lair:1   | Reached skill level 11 in Transmutations
 13165 | Lair:1   | You fall into a shaft and drop 1 floor!
 13382 | Lair:1   | Found an iron altar of Okawaru.
 13663 | Lair:2   | Reached XP level 12. HP: 35/106 MP: 11/15
 14093 | Lair:2   | Reached skill level 10 in Fighting
 14098 | Lair:2   | Found a staircase to the Shoals.
 14981 | Lair:3   | Reached skill level 10 in Unarmed Combat
 15171 | Lair:3   | Found a staircase to the Snake Pit.
 15625 | Lair:3   | Noticed a boulder beetle
 15640 | Lair:3   | Killed a boulder beetle
 15641 | Lair:3   | Reached skill level 12 in Transmutations
 16367 | Lair:4   | Noticed a four-headed hydra
 16375 | Lair:4   | Killed a four-headed hydra
 17004 | Lair:4   | Noticed a death yak
 17004 | Lair:4   | Noticed a death yak
 17004 | Lair:4   | Noticed a death yak
 17015 | Lair:4   | Killed a death yak
 17016 | Lair:4   | Reached XP level 13. HP: 49/116 MP: 10/16
 17018 | Lair:4   | The Shining One protects you from harm!
 18001 | Lair:5   | Entered Level 5 of the Lair of Beasts
 18154 | Lair:5   | Identified the +3 ring mail of Howling Wind {Int+7}
 18315 | Lair:5   | Found a frozen archway.
 18326 | IceCv    | Entered an ice cave
 18326 | IceCv    | Reached **** piety under the Shining One
 18619 | IceCv    | Reached ***** piety under the Shining One
 18661 | IceCv    | Reached skill level 10 in Dodging
 19125 | IceCv    | Reached skill level 13 in Transmutations
 19510 | Lair:5   | Reached skill level 1 in Invocations
 19666 | Lair:5   | Found a staircase to the Slime Pits.
 19666 | Lair:5   | Found a viscous altar of Jiyva.
 19903 | Lair:5   | HP: 1/142 [polar bear (13)]
 19903 | Lair:5   | Slain by a polar bear

Illustrated notes

Levels and vault maps discovered:
D:1:      beargit_arrival_greenhouse, layout_rooms, reono_crystal_passage,
          minivault_14
D:2:      layout_loops_ring, serial_shops, shop, lemuel_flame_loot_1
D:3:      layout_loops_ring, shapermc_ecumenical_altar_rom_forum, serial_shops,
          nicolae_shop_behind_doors, grunt_decor_fettered, uniq_pargi
D:4:      layout_cave_pools, marbit_many_paths,
          minmay_a_box_with_orc_wizards_in_it
D:5:      layout_basic, mainiacjoe_overflow_surrounded_room, uniq_menkaure,
          uniq_duvessa, uniq_grinder, uniq_pikel
D:6:      layout_layer_cave, mainiacjoe_overflow_six_doors_small
D:7:      layout_basic, nicolae_yredelemnul_corpse_copse,
          minmay_temple_entry_arrows, roderic_malta_cross,
          amcnicky_mini_pool_medium
D:8:      layout_gridville, grunt_ministairs_1, uniq_amaemon
D:9:      layout_rooms, lemuel_tele_altar, grunt_temple_overflow_open
D:10:     layout_stronghold, minmay_overflow_temple_star_quad, orc_0_dummy,
          enter_trove_6, nicolae_concentric_dashed_squares_mild
D:11:     layout_grid_maze, lair_entry_dummy, serial_glass, glass_columns_a,
          glass_columns_c, minivault_14, uniq_lodul
Temple:   hellmonk_temple_flake
Lair:1:   layout_regular_city, basic_altar, beast_lair_carwin_9
Lair:2:   layout_big_grid, elwin_shoals_entry_stream,
          chequers_serial_rivers_micro_e
Lair:3:   layout_regular_city, guppyfry_snake_entry_island
Lair:4:   layout_layer_cave, grunt_megastairs_3
Lair:5:   minmay_lair_end_enchanted_forest, layout_regular_city,
          minmay_slime_entry_pillars, portal_ice_cave_rime, grunt_megastairs_1

Skill      XL: |  1  2  3  4  5  6  7  8  9 10 11 12 13 |
---------------+----------------------------------------+-----
Fighting       | 2 3 4 6 8 9 11 12 | 12.6
Unarmed Combat | 4 6 8 9 10 11 | 11.9
Transmutations | 3 4 5 7 8 10 11 12 13 | 13.2
Ice Magic      | 2 3 5 6 |  6.2
Dodging        | 3 4 6 8 9 10 | 10.4
Invocations    | 2 |  2.5
Spellcasting   | |  2.0

Action                   |  1- 3 |  4- 6 |  7- 9 | 10-12 | 13-15 || total
-------------------------+-------+-------+-------+-------+-------++-------
Melee: Unarmed           |    98 |   122 |   248 |   444 |   244 ||  1156
       Headbutt          |    12 |    17 |    11 |       |       ||    40
       Tailslap          |     7 |    16 |    11 |     5 |     2 ||    41
       Kick              |    14 |    27 |     8 |       |       ||    49
       Punch             |     2 |     1 |     2 |     2 |     1 ||     8
 Cast: Beastly Appendage |    31 |    26 |    10 |     2 |       ||    69
       Ice Form          |       |       |    33 |    66 |    29 ||   128
 Abil: Breathe Steam     |       |       |     5 |       |       ||     5
Evoke: Wand              |       |     1 |       |     3 |       ||     4
  Use: Scroll            |     3 |     1 |       |    10 |     2 ||    16
       Potion            |     1 |     4 |       |       |       ||     5
Armor: Skin              |    29 |    47 |    95 |   144 |    60 ||   375
Dodge: Dodged            |    64 |    88 |   119 |   263 |   115 ||   649
Block: Other             |       |       |    29 |   101 |    39 ||   169
       Reflection        |       |       |       |     9 |       ||     9

Table legend: (Time is in decaauts)
 A = Elapsed time spent in this place.
 B = Non-inter-level travel time spent in this place.
 C = Inter-level travel time spent in this place.
 D = Time resting spent in this place.
 E = Time spent auto-exploring this place.
 F = Levels seen in this place.
 G = Mean time per level.
                   A        B        C        D        E       F      G
               +--------+--------+--------+--------+--------+-----+--------+
         Total |  19734 |  19085 |    649 |    985 |  15274 |  18 | 1096.3 |
       Dungeon |  12103 |  11615 |    488 |    985 |   8798 |  11 | 1100.3 |
        Temple |    190 |    171 |     19 |      0 |    156 |   1 |  190.0 |
          Lair |   6505 |   6363 |    142 |      0 |   5606 |   5 | 1301.0 |
      Ice Cave |    935 |    935 |      0 |      0 |    713 |   1 |  935.0 |
               +--------+--------+--------+--------+--------+-----+--------+

Top non-repeatable levels by time:
     D:8: 2064 daAuts
     D:5: 1776 daAuts
  Lair:4: 1712 daAuts
     D:7: 1650 daAuts
  Lair:3: 1517 daAuts
     D:4: 1315 daAuts
  Lair:1: 1240 daAuts
  Lair:2: 1107 daAuts
   IceCv: 935 daAuts
  Lair:5: 928 daAuts
     D:3: 920 daAuts
     D:9: 904 daAuts
     D:2: 901 daAuts
    D:10: 835 daAuts
     D:6: 742 daAuts
